 Dungeon Crawl Stone Soup version 0.28-a0-732-g75e6d9beac (webtiles) character file.

Game seed: 10098744930514625117

85357 GordonOverkill the Severer (level 16, -2/177 HPs)
             Began as a Djinni Berserker on Oct 28, 2021.
             Was the Champion of Trog.
             Engulfed by a cloud of freezing vapour (5 damage)
             ... on level 14 of the Dungeon on Oct 29, 2021.
             The game lasted 00:45:26 (27232 turns).

GordonOverkill the Severer (Djinni Berserker)      Turns: 27232, Time: 00:45:27

Health: -2/177     AC: 23    Str: 23    XL:     16   Next: 30%
Gold:   1987       EV:  8    Int: 12    God:    Trog [******] SH: 18 Dex: 10

rFire   + + +      SeeInvis .   a - +5 broad axe (venom)
rCold   x . .      Faith    .   T - +2 kite shield
rNeg    . . .      Spirit   .   P - +5 chain mail of Shadows and Fog {-Cast rPois Slay+5}
rPois   ∞          Reflect  +   h - +2 helmet
rElec   .          Harm     .   F - +1 cloak
rCorr   .          Rampage  .   c - +2 pair of gloves
Will    +....      NoCast   +   (boots unavailable)
Stlth   ..........              p - amulet of reflection
HPRegen 0.39/turn               w - +4 ring of slaying
MPRegen 0.00/turn               E - +4 ring of slaying

@: berserking (expiring), flying, very quick
A: sickness immunity, fire resistance 3, cold vulnerability 1, float, innate
caster, hp casting, extra vitality 1, clumsy 1, shaggy fur 2, strong 1
a: Renounce Religion, Berserk, Trog's Hand, Brothers in Arms


You were on level 14 of the Dungeon.
You worshipped Trog.
Trog was exalted by your worship.
You visited 2 branches of the dungeon, and saw 21 of its levels.
You also visited: Ossuary, Bailey and Gauntlet.

You collected 2398 gold pieces.
You spent 411 gold pieces at shops.

Inventory:

Hand Weapons
 a - a +5 broad axe of venom (weapon)
 b - a +4 broad axe of flaming
Missiles
 m - 75 boomerangs
 n - 14 atropa-tipped darts
 r - 118 poisoned darts
 D - 4 curare-tipped darts (quivered)
 G - 6 throwing nets
 N - 3 javelins
Armour
 c - a +2 pair of gloves (worn)
 h - a +2 helmet (worn)
 F - a +1 cloak (worn)
 J - a +0 scale mail of cold resistance
 P - the +5 chain mail of Shadows and Fog (worn) {-Cast rPois Slay+5}
   (You found it on level 2 of the Lair of Beasts)

   Slay:      It affects your accuracy & damage with ranged weapons and melee
   (+5).
   rPois:     It protects you from poison.
   -Cast:     It prevents spellcasting.
 S - a scarf of invisibility
 T - a +2 kite shield (worn)
Jewellery
 p - an amulet of reflection (around neck)
 w - a +4 ring of slaying (left hand)
 z - a ring of protection from fire
 B - the amulet of Cylad {RegenMP rElec rF+ Stlth+}
   (You took it off a minotaur in a Gauntlet)

   [amulet of magic regeneration]

   It increases your rate of magic regeneration.
   rF:        It protects you from fire.
   rElec:     It insulates you from electricity.
   Stlth:     It makes you more stealthy.
 C - a ring of protection from fire
 E - a +4 ring of slaying (right hand)
Wands
 o - a wand of flame (40)
 s - a wand of acid (3)
 H - a wand of iceblast (12)
 L - a wand of paralysis (11)
 R - a wand of charming (5)
Scrolls
 d - 6 scrolls of identify
 f - a scroll of brand weapon
 t - a scroll of blinking
 u - 8 scrolls of teleportation
 x - 5 scrolls of fear
 y - 4 scrolls of immolation
 I - a scroll of vulnerability
 K - 2 scrolls of fog
 M - a scroll of summoning
 O - 4 scrolls of magic mapping
Potions
 e - 2 potions of cancellation
 g - 3 potions of lignification
 i - 9 potions of heal wounds
 j - 8 potions of curing
 k - 6 potions of resistance
 l - 5 potions of might
 q - 3 potions of invisibility
 v - 2 potions of ambrosia
 A - 2 potions of berserk rage
 U - 4 potions of haste
 V - a potion of experience
 W - 4 potions of mutation
Miscellaneous
 Q - a phial of floods


   Skills:
 - Level 12.0 Fighting
 * Level 19.7 Axes
 - Level 3.0 Throwing
 - Level 2.0 Armour
 - Level 2.1 Dodging
 - Level 12.0 Shields


You couldn't memorise any spells.
You knew the following spells:

 Your Spells              Type           Power      Damage    Failure   Level
a - Shock                 Conj/Air       0%         1d3       99%         1
b - Passwall              Tmut/Erth      0%         N/A       99%         2
c - Blink                 Tloc           0%         N/A       99%         2
d - Inner Flame           Hex/Fire       0%         N/A       100%        3
e - Summon Mana Viper     Hex/Summ       0%         N/A       100%        5
f - Borgnjor's Vile Clut  Necr/Erth      0%         N/A       100%        5
g - Starburst             Conj/Fire      0%         6d3       100%        6
Your spell library was empty.


Dungeon Overview and Level Annotations

Branches:
Dungeon (15/15)            Temple (0/1) D:4            Lair (6/6) D:9
 Shoals (0/4) Lair:4        Snake (0/4) Lair:2        Slime (0/5) Lair:6
    Orc (0/2) D:10        Ossuary (visited)          Bailey (visited)
Gauntlet (visited)
 Vaults: D:13-14     Depths: D:15

Altars:
Dithmenos
Kikubaaqudgha
Nemelex Xobeh
Sif Muna
Trog
Vehumet
Wu Jian
Xom
The Shining One
Beogh

Shops:
D:9 *   D:10 ((   D:11 [

Portals:
Abyss: Lair:3

Annotations:
Lair:3 2 transporters


Innate Abilities, Weirdness & Mutations

You are immune to sickness and miasma.
You are immune to poison.
Your flesh is almost immune to the effects of heat. (rF+++)
You are vulnerable to cold. (rC-)
You float through the air rather than walking.
You learn spells naturally, not from books.
Your magical power is your life essence.
You have superior vitality. (+4 HP)
You are clumsy. (Dex -2)
You are covered in thick fur. (AC +2)
Your muscles are strong. (Str +2)


Message History

The ice statue gestures at you.
The shard of ice hits you but does no damage.
The ice statue gestures at you. The shard of ice hits you!!
You feel a painful chill!
A red film seems to cover your vision as you go berserk!
You feel yourself moving faster!
You feel mighty!
You slice the ice statue!!
The ice statue is moderately damaged.
You hit the ice statue.
The ice statue is heavily damaged.
The ice statue gestures at you. The freezing blast engulfs you.
You feel a terrible chill!
You hit the ice statue.
The ice statue is heavily damaged.
You are engulfed in freezing vapours.
You hit the ice statue.
The ice statue is heavily damaged.
You are engulfed in freezing vapours.
The ice statue gestures at you. The bolt of cold hits you!!!
You feel a terrible chill!
* * * LOW HITPOINT WARNING * * *
You slice the ice statue!!
The ice statue is almost destroyed.
You are engulfed in freezing vapours.
* * * LOW HITPOINT WARNING * * *
You slash the ice statue!
You destroy the ice statue!
Trog accepts your kill.
You are engulfed in freezing vapours.
* * * LOW HITPOINT WARNING * * *
You are engulfed in freezing vapours.
* * * LOW HITPOINT WARNING * * *
You feel a strong urge to attack something.
You are engulfed in freezing vapours.
* * * LOW HITPOINT WARNING * * *
You see here a scroll of amnesia.
Unknown command.
Unknown command.
You are engulfed in freezing vapours.
You die...

####################
≈≈≈≈≈≈≈≈≈≈≈≈≈≈≈≈≈≈≈###
≈≈≈≈≈≈≈≈≈≈≈≈≈≈≈≈≈≈≈≈≈##
≈≈≈≈≈≈≈≈≈≈≈≈≈≈≈≈≈≈○≈≈≈#
≈≈≈≈≈≈≈≈≈≈≈≈≈≈.☼○○.≈≈≈#
≈≈≈≈...≈≈≈≈≈≈..#○#..≈≈≈
≈≈≈.###.≈≈≈≈≈.##°## ≈≈≈
≈≈≈.# #.≈≈≈≈≈.#○○○# ≈
≈≈≈.###.≈≈≈≈≈.##@##
≈≈≈≈...≈≈≈≈≈≈..###
≈≈≈≈≈≈≈≈≈≈≈≈≈≈...
≈≈≈≈≈≈≈≈≈≈≈≈≈≈≈≈≈≈
≈≈≈≈≈≈≈≈≈≈≈≈≈≈≈≈≈≈
≈≈≈≈≈≈≈≈≈≈≈ ≈≈≈≈≈≈≈≈≈≈≈
≈≈..≈≈≈≈≈.. ...........


There were no monsters in sight!

Vanquished Creatures
  A war gargoyle (D:13)
  Azrael (D:15)
  A fire dragon (Lair:6)
  Harold (D:11)
  9 hydras
  Fannar (D:10)
  5 boulder beetles
  5 two-headed ogres
  3 catoblepae
  3 centaur warriors
  A tengu warrior (Gauntlet)
  Urug (Lair:2)
  2 lindwurms (Lair:6)
  A deep elf pyromancer (D:9)
  3 orc knights
  2 ugly things (D:11)
  5 cyclopes
  Maurice (D:10)
  11 black mambas
  16 elephants
  2 centaur zombies (D:11)
  2 molten gargoyles (Lair:6)
  12 cane toads
  5 ice statues
  10 gargoyles
  A kobold demonologist (D:12)
  Maggie (D:10)
  2 tengu conjurers (Gauntlet)
  3 unseen horrors
  A freezing wraith (D:15)
  4 rime drakes
  19 komodo dragons
  3 trolls
  3 polar bears
  7 slime creatures
  2 trolls (shapeshifter) (D:13)
  5 hornets (Gauntlet)
  23 blink frogs
  4 dream sheep (Lair:4)
  A centaur simulacrum (D:14)
  A shadow (D:11)
  2 fire elementals (D:15)
  2 vampires
  8 wyverns
  55 yaks
  9 basilisks
  4 steam dragons
  10 vampire mosquitoes
  Menkaure (Ossuary)
  A warg (D:15)
  8 hell hounds
  17 water moccasins
  An acid dragon (D:9)
  3 black bears
  7 orc warriors
  17 ice beasts
  2 necrophages
  2 ogres (D:6)
  7 wolves
  11 centaurs
  2 kobold brigands
  7 bullfrogs
  A wyvern zombie (D:9)
  A gnoll sergeant (D:11)
  A water moccasin zombie (D:6)
  4 scorpions
  5 killer bees
  11 howler monkeys
  An electric eel (Lair:2)
  4 crimson imps (D:12)
  5 lava snakes (Lair:6)
  2 bullfrog skeletons
  6 hounds
  4 orc priests
  3 jellies (Lair:6)
  4 centaur skeletons
  A gnoll shaman (D:8)
  2 iguanas
  Natasha (thrice) (D:3)
  5 orc wizards
  4 hell rats (Lair:6)
  A killer bee zombie (D:8)
  A hound zombie (D:5)
  3 mummies (Ossuary)
  Robin (D:3)
  28 gnolls
  8 adders
  2 shadow imps
  3 white imps
  An adder skeleton (D:4)
  An adder zombie (D:5)
  A worm (D:2)
  3 dart slugs
  45 orcs
  5 ball pythons
  8 endoplasms
  2 giant cockroaches (D:1)
  A gnoll zombie (Ossuary)
  19 goblins
  30 hobgoblins
  3 jackals (D:1)
  28 kobolds
  5 quokkas
  3 bats
  2 frilled lizards (D:1)
  4 gnoll skeletons (Ossuary)
  4 goblin skeletons (Ossuary)
  5 goblin zombies (Ossuary)
  A hobgoblin skeleton (Ossuary)
  5 hobgoblin zombies (Ossuary)
  5 kobold skeletons (Ossuary)
  5 kobold zombies (Ossuary)
  5 orc skeletons (Ossuary)
  3 orc zombies (Ossuary)
  7 rats
  6 rat skeletons (Ossuary)
  6 rat zombies (Ossuary)
687 creatures vanquished.

Vanquished Creatures (collateral kills)
  A minotaur (Gauntlet)
  A catoblepas (D:15)
  An orc sorcerer (D:15)
  A komodo dragon (D:7)
  5 orcs
9 creatures vanquished.

Vanquished Creatures (others)
  16 fungi
  34 plants
50 creatures vanquished.

Grand Total: 746 creatures vanquished

Notes
Turn   | Place    | Note
-------+----------+-------------------------------------------
     0 | D:1      | GordonOverkill the Djinni Berserker began the quest for the
                  | Orb.
     0 | D:1      | Reached XP level 1. HP: 20/20 MP: 0/0
   228 | D:1      | Reached XP level 2. HP: 17/25 MP: 0/0
   395 | D:1      | Reached skill level 3 in Axes
   908 | D:1      | Reached XP level 3. HP: 30/30 MP: 0/0
   908 | D:1      | Learned a level 1 spell: Shock
  1387 | D:1      | Found a faded altar of an unknown god.
  1583 | D:1      | Reached ** piety under Trog
  1744 | D:2      | Reached XP level 4. HP: 35/35 MP: 0/0
  1768 | D:1      | Upgraded the game from 0.28-a0-728-g0181a31188 to
                  | 0.28-a0-732-g75e6d9beac
  1893 | D:2      | Found a sparkling altar of Nemelex Xobeh.
  2131 | D:2      | Reached skill level 4 in Axes
  2331 | D:2      | Noticed a necrophage
  2338 | D:2      | Killed a necrophage
  2339 | D:2      | Reached XP level 5. HP: 40/40 MP: 0/0
  2339 | D:2      | Learned a level 2 spell: Passwall
  3321 | D:3      | Reached skill level 5 in Axes
  3321 | D:3      | Reached XP level 6. HP: 46/46 MP: 0/0
  3558 | D:3      | Found an ornate altar of the Wu Jian Council.
  3700 | D:3      | Noticed Natasha
  3705 | D:3      | Killed Natasha
  3710 | D:3      | Noticed Robin
  3826 | D:3      | Killed Robin
  3991 | D:3      | Noticed Natasha
  3998 | D:3      | Killed Natasha
  4042 | D:3      | Noticed Natasha
  4053 | D:3      | Killed Natasha
  4238 | D:3      | Reached *** piety under Trog
  4504 | D:3      | Reached XP level 7. HP: 49/51 MP: 0/0
  4504 | D:3      | Learned a level 2 spell: Blink
  4984 | D:4      | Identified a scroll of acquirement
  4984 | D:4      | Acquired 805 gold pieces
  5002 | D:4      | Noticed a wyvern
  5016 | D:4      | Killed a wyvern
  5017 | D:4      | Reached skill level 6 in Axes
  5229 | D:4      | Found a staircase to the Ecumenical Temple.
  5361 | D:4      | Reached XP level 8. HP: 48/58 MP: 0/0
  5425 | D:4      | Found a sand-covered staircase.
  5430 | Ossuary  | Entered an ossuary
  5592 | Ossuary  | Reached **** piety under Trog
  5755 | Ossuary  | Noticed Menkaure
  5763 | Ossuary  | Killed Menkaure
  5764 | Ossuary  | Reached skill level 5 in Fighting
  5764 | Ossuary  | Reached skill level 7 in Axes
  6096 | Ossuary  | Acquired a manual of Shields
  6336 | D:4      | Found a sparkling altar of Nemelex Xobeh.
  6563 | D:5      | Entered Level 5 of the Dungeon
  6564 | D:5      | Gained mutation: You are covered in fur. (AC +1) [potion of
                  | mutation]
  6564 | D:5      | Gained mutation: Armour fits poorly on your strangely
                  | shaped body. [potion of mutation]
  6564 | D:5      | Gained mutation: Your spells are a little harder to cast,
                  | but a little more powerful. [potion of mutation]
  6565 | D:5      | Lost mutation: Your spells are a little harder to cast, but
                  | a little more powerful. [potion of mutation]
  6565 | D:5      | Lost mutation: Armour fits poorly on your strangely shaped
                  | body. [potion of mutation]
  6565 | D:5      | Gained mutation: Your flesh is almost immune to the effects
                  | of heat. (rF+++) [potion of mutation]
  6565 | D:5      | Gained mutation: You are clumsy. (Dex -2) [potion of
                  | mutation]
  6565 | D:5      | Gained mutation: You are covered in thick fur. (AC +2)
                  | [potion of mutation]
  6565 | D:5      | Gained mutation: Your muscles are strong. (Str +2) [potion
                  | of mutation]
  7274 | D:5      | Reached skill level 8 in Axes
  7274 | D:5      | Reached XP level 9. HP: 66/66 MP: 0/0
  7274 | D:5      | Learned a level 3 spell: Inner Flame
  8066 | D:6      | Reached ***** piety under Trog
  8346 | D:7      | Reached skill level 9 in Axes
  8353 | D:7      | Noticed a komodo dragon
  8360 | D:7      | Killed a komodo dragon
  8539 | D:7      | Found a bloodstained altar of Trog.
  8601 | D:7      | Reached XP level 10. HP: 72/75 MP: 0/0
  9332 | D:8      | Identified the +5 ring mail of Mental Paralysis {Stlth+}
  9449 | D:8      | Reached skill level 10 in Axes
  9760 | D:8      | Found a shadowy altar of Dithmenos.
 10268 | D:8      | Found a glowing golden altar of the Shining One.
 10757 | D:9      | Reached skill level 11 in Axes
 10920 | D:9      | Found Raityff's Overcharged Wands.
 10960 | D:9      | Noticed a deep elf pyromancer
 10972 | D:9      | Killed a deep elf pyromancer
 11403 | D:9      | Noticed a komodo dragon
 11406 | D:9      | Noticed a komodo dragon
 11411 | D:9      | Killed a komodo dragon
 11430 | D:9      | HP: 3/76 [komodo dragon (8)]
 11432 | D:9      | Killed a komodo dragon
 11433 | D:9      | Reached skill level 12 in Axes
 11433 | D:9      | Reached XP level 11. HP: 4/81 MP: 0/0
 11433 | D:9      | Learned a level 5 spell: Summon Mana Viper
 11765 | D:9      | Found a staircase to the Lair.
 11879 | D:10     | Entered Level 10 of the Dungeon
 11907 | D:10     | Found a staircase to the Orcish Mines.
 11907 | D:10     | Found Cisuap's Weapon Shop.
 11960 | D:10     | Noticed Maurice
 11978 | D:10     | Killed Maurice
 12054 | D:10     | Bought a +3 war axe of freezing for 326 gold pieces
 12086 | D:10     | Noticed Maggie
 12128 | D:10     | Killed Maggie
 12129 | D:10     | Reached skill level 13 in Axes
 12350 | D:10     | Noticed a two-headed ogre
 12359 | D:10     | Killed a two-headed ogre
 12419 | D:10     | Noticed Fannar
 12432 | D:10     | Killed Fannar
 12752 | D:10     | Noticed a two-headed ogre
 12759 | D:10     | Killed a two-headed ogre
 12759 | D:10     | Reached ****** piety under Trog
 12895 | D:10     | Found Ebriacru's Weapon Boutique.
 13090 | D:11     | Found Coafuw's Antique Armour Boutique.
 13099 | D:11     | Bought a kite shield for 85 gold pieces
 13137 | D:11     | Reached skill level 1 in Shields
 13188 | D:11     | Noticed a red ugly thing
 13204 | D:11     | Killed a red ugly thing
 13205 | D:11     | Reached skill level 14 in Axes
 13205 | D:11     | Reached skill level 1 in Throwing
 13205 | D:11     | Reached XP level 12. HP: 86/86 MP: 0/0
 13311 | D:11     | Noticed Harold
 13326 | D:11     | Killed Harold
 13470 | D:11     | Noticed a boulder beetle
 13486 | D:11     | Killed a boulder beetle
 13859 | D:11     | Noticed a two-headed ogre
 13864 | D:11     | Killed a two-headed ogre
 13864 | D:11     | Received a gift from Trog
 13932 | D:11     | Noticed a two-headed ogre
 13942 | D:11     | Killed a two-headed ogre
 13943 | D:11     | Reached skill level 5 in Shields
 14327 | Lair:1   | Entered Level 1 of the Lair of Beasts
 15378 | Lair:2   | Found a staircase to the Snake Pit.
 15392 | Lair:2   | Reached skill level 15 in Axes
 15702 | Lair:2   | Noticed a catoblepas
 15719 | Lair:2   | Killed a catoblepas
 15720 | Lair:2   | Reached XP level 13. HP: 91/92 MP: 0/0
 15720 | Lair:2   | Learned a level 5 spell: Borgnjor's Vile Clutch
 16325 | Lair:2   | Identified the +5 chain mail of Shadows and Fog {-Cast
                  | rPois Slay+5}
 16633 | Lair:2   | Noticed Urug
 16639 | Lair:2   | Killed Urug
 16963 | Lair:2   | Identified the +8 falchion of Damp Conscience {freeze,
                  | Str+6}
 17264 | Lair:3   | Reached skill level 16 in Axes
 17324 | Lair:3   | Noticed an eight-headed hydra
 17331 | Lair:3   | Killed an eight-headed hydra
 17666 | Lair:3   | Found a transporter.
 17675 | Lair:3   | Found a one-way gate to the infinite horrors of the Abyss.
 17688 | Lair:3   | Reached skill level 10 in Shields
 18210 | Lair:3   | Found a transporter.
 18214 | Lair:3   | Noticed a rakshasa
 18852 | Lair:4   | Found a staircase to the Shoals.
 19855 | Lair:4   | Reached XP level 14. HP: 92/99 MP: 0/0
 20318 | Lair:5   | Received a gift from Trog
 20886 | Lair:5   | Reached skill level 17 in Axes
 20932 | Lair:6   | Entered Level 6 of the Lair of Beasts
 21090 | Lair:6   | Reached skill level 10 in Fighting
 21370 | Lair:6   | Found a staircase to the Slime Pits.
 21428 | Lair:6   | Received a gift from Trog
 22213 | Lair:6   | Reached XP level 15. HP: 98/109 MP: 0/0
 22213 | Lair:6   | Learned a level 6 spell: Starburst
 22376 | Lair:6   | Found a large runed translucent door.
 22376 | Lair:6   | Found a large runed translucent door.
 22381 | Lair:6   | Reached skill level 18 in Axes
 23411 | D:12     | Received a gift from Trog
 23649 | D:12     | Found a gate leading to a gauntlet.
 23658 | Gauntlet | Entered a Gauntlet
 23658 | Gauntlet | Found a transporter.
 23658 | Gauntlet | Found a transporter.
 23658 | Gauntlet | Found a transporter.
 23662 | Gauntlet | Found a transporter.
 23664 | Gauntlet | Found a transporter.
 23672 | Gauntlet | Found a transporter.
 23739 | Gauntlet | Found a transporter.
 23749 | Gauntlet | Found a transporter.
 23764 | Gauntlet | Found a transporter.
 23774 | Gauntlet | Found a transporter.
 23789 | Gauntlet | Found a transporter.
 23795 | Gauntlet | Found a transporter.
 24169 | Gauntlet | Identified the amulet of Cylad {RegenMP rElec rF+ Stlth+}
 24267 | Gauntlet | Identified the +3 ring mail of Howling Wind {rF- Int+5}
 24335 | D:12     | Found a shimmering altar of Xom.
 24676 | D:13     | Noticed a war gargoyle
 24690 | D:13     | Killed a war gargoyle
 24829 | D:13     | Reached skill level 19 in Axes
 24927 | D:13     | You are sucked into a shaft and drop 2 floors!
 24927 | D:15     | Entered Level 15 of the Dungeon
 24956 | D:15     | Received a gift from Trog
 25122 | D:15     | Noticed Azrael
 25138 | D:15     | Killed Azrael
 25172 | D:15     | Reached XP level 16. HP: 27/118 MP: 0/0
 25652 | D:14     | Found a flagged portal.
 25662 | Bailey   | Entered a bailey
 26819 | D:14     | Received a gift from Trog
 27231 | D:14     | HP: 3/177 [something (23)]
 27232 | D:14     | Engulfed by a cloud of freezing vapour

Illustrated notes

Levels and vault maps discovered:
D:1:      dpeg_cavernosity, layout_loops_ring, ebering_ecumenical_altar_webs,
          minivault_27, minmay_pentomino_p4
D:2:      layout_loops_corners, basic_altar
D:3:      layout_loops_ring, gammafunk_temple_overflow_forgotten, uniq_robin,
          uniq_natasha
D:4:      layout_loops_cross, mainiacjoe_overflow_tiny_flanked,
          minmay_temple_entry_wispy, enter_ossuary_2, minmay_curled_crystal,
          chequers_serial_rivers_micro_d, minmay_misc_feat_more_columns,
          cheibrodos_gnoll_hut
D:5:      layout_basic, mainiacjoe_overflow_surrounded_room
D:6:      layout_loops_cross, st_stairs_3
D:7:      layout_basic, old_standard_altar, st_stairs_10
D:8:      layout_cave_pods, mainiacjoe_overflow_24_doors,
          nicolae_tso_carved_into_rock
D:9:      layout_basic, erik_lair_dragon, st_stairs_9,
          nicolae_shop_overcharged_wands
D:10:     layout_roguey [special_room_orc], orc_david_3, serial_shops,
          nicolae_square_shop, uniq_maurice, uniq_fannar, uniq_maggie
D:11:     layout_loops_cross, serial_shops, shop, uniq_harold
D:12:     layout_cave_pools, gauntlet_entry_generic, led_xom_imps
D:13:     gargoyle_guard, layout_rooms, ximxim_vaults_locker_room
D:14:     minmay_ice_pillars, layout_basic, enter_bailey_2,
          kennysheep_decorative_pillar
D:15:     grunt_enter_depths_magical_seal, layout_long_grid, elyvilon_altar_5,
          chequers_big_river, nicolae_vehumet_altar_sigil, uniq_kirke,
          uniq_azrael
Lair:1:   layout_gridlike, hangedman_lair_unloving_vines
Lair:2:   layout_big_grid, minmay_snake_entry_six_corridors,
          gammafunk_lair_bear_cave, serial_bayou_shore_b, uniq_urug
Lair:3:   layout_cave_pods, gammafunk_ghost_abyssal_escape
Lair:4:   layout_regular_city, minmay_shoals_entry_centaurs
Lair:5:   layout_cave_pods
Lair:6:   cheibrodos_lair_end_hotspot, layout_regular_city,
          minmay_slime_entry_pillars

Skill      XL: |  1  2  3  4  5  6  7  8  9 10 11 12 13 14 15 16 |
---------------+-------------------------------------------------+-----
Axes           | 3 4 5 6 8 9 12 14 15 16 17 19 | 19.7
Fighting       | 4 6 7 8 10 12 | 12.0
Shields        | 1 7 11 12 | 12.0
Throwing       | 1 3 |  3.0
Armour         | |  2.0
Dodging        | |  2.1

Action                   |  1- 3 |  4- 6 |  7- 9 | 10-12 | 13-15 | 16-18 || total
-------------------------+-------+-------+-------+-------+-------+-------++-------
Melee: Hand axe          |    66 |   108 |   269 |   228 |       |       ||   671
       War axe           |       |    34 |    59 |   215 |    54 |       ||   362
       Broad axe         |       |       |       |       |   641 |   148 ||   789
       Flail             |       |       |       |       |     2 |       ||     2
Throw: Dart              |       |       |       |     2 |       |     2 ||     4
Invok: Berserk           |    13 |    19 |    12 |    30 |    14 |     5 ||    93
       Brothers in Arms  |       |       |     1 |       |     2 |       ||     3
       Trog's Hand       |       |       |       |     2 |     2 |     1 ||     5
Evoke: Wand              |       |       |       |     1 |     5 |       ||     6
  Use: Scroll            |       |     4 |     8 |     6 |    14 |       ||    32
       Potion            |       |       |     4 |       |     1 |       ||     5
 Stab: Sleeping          |       |       |       |     2 |       |       ||     2
       Paralysed         |       |       |       |       |     1 |       ||     1
Armor: Animal skin       |     6 |       |       |       |       |       ||     6
       Scale mail        |     3 |     8 |       |       |     1 |     2 ||    14
       Chain mail        |       |   104 |     7 |       |   306 |    32 ||   449
       Ring mail         |       |       |   109 |   162 |    18 |       ||   289
Dodge: Dodged            |    53 |    48 |   177 |   228 |   209 |    13 ||   728
Block: Kite shield       |       |       |       |    57 |   394 |    79 ||   530
       Reflection        |       |       |       |       |    15 |     6 ||    21

Table legend: (Time is in decaauts)
 A = Elapsed time spent in this place.
 B = Non-inter-level travel time spent in this place.
 C = Inter-level travel time spent in this place.
 D = Time resting spent in this place.
 E = Time spent auto-exploring this place.
 F = Levels seen in this place.
 G = Mean time per level.
                   A        B        C        D        E       F      G
               +--------+--------+--------+--------+--------+-----+--------+
         Total |  27826 |  26458 |   1368 |   8747 |  12051 |  24 | 1159.4 |
       Dungeon |  17058 |  16031 |   1027 |   5423 |   7023 |  15 | 1137.2 |
          Lair |   8934 |   8593 |    341 |   2649 |   4630 |   6 | 1489.0 |
       Ossuary |    712 |    712 |      0 |    314 |      4 |   1 |  712.0 |
        Bailey |    469 |    469 |      0 |     88 |    236 |   1 |  469.0 |
      Gauntlet |    652 |    652 |      0 |    273 |    158 |   1 |  652.0 |
               +--------+--------+--------+--------+--------+-----+--------+

Top non-repeatable levels by time:
  Lair:6: 2202 daAuts
     D:1: 1961 daAuts
     D:2: 1937 daAuts
  Lair:2: 1778 daAuts
     D:8: 1533 daAuts
  Lair:4: 1497 daAuts
     D:3: 1470 daAuts
     D:9: 1463 daAuts
    D:14: 1404 daAuts
  Lair:3: 1312 daAuts
    D:10: 1277 daAuts
    D:11: 1229 daAuts
  Lair:1: 1082 daAuts
  Lair:5: 1061 daAuts
     D:5: 917 daAuts
